 Dungeon Crawl Stone Soup version 0.31.0-32-g396128a36d (webtiles) character file.

Game seed: 8853771973243240743

43494 mihai the Cleaver (level 13, -4/123 HPs)
             Began as a Minotaur Fighter on Apr 13, 2024.
             Was the Champion of Okawaru.
             Succumbed to Rupert's poison
             ... while paralysed by Rupert
             ... on level 4 of the Lair of Beasts.
             The game lasted 01:03:47 (23825 turns).

mihai the Cleaver (Minotaur Fighter)               Turns: 23825, Time: 01:03:48

Health: -4/123     AC: 22    Str: 25    XL:     13   Next: 91%
Magic:  19/19      EV:  2    Int:  8    God:    Okawaru [******]
Gold:   872        SH:  0    Dex: 11    Spells: 12/12 levels left

rFire   . . .        j - +2 broad axe (venom)
rCold   . . .        a - +7 kite shield of Jutt {Will+ Int+3}
rNeg    . . .        f - +1 plate armour
rPois   .            (helmet restricted)
rElec   .            K - scarf {repulsion}
rCorr   +            L - +2 pair of gloves
SInv    .            b - +0 pair of boots
Will    +....        (no amulet) Stlth
                     o - ring of resist corrosion
HPRegen 0.40/turn    (no ring)
MPRegen 0.16/turn

%: repel missiles
@: paralysed, lethally poisoned (-4 -> -36), studying 2 skills
A: horns 2, retaliatory headbutt
a: Renounce Religion, Heroism, Finesse, Duel


You were on level 4 of the Lair of Beasts.
You worshipped Okawaru.
Okawaru was exalted by your worship.
You visited 3 branches of the dungeon, and saw 16 of its levels.

You collected 872 gold pieces.

Inventory:

Hand Weapons
 j - a +2 broad axe of venom (weapon)
 V - a +3 trident of flaming
Missiles
 e - 17 poisoned darts (quivered)
 F - 5 boomerangs
 H - 2 throwing nets
 J - 6 curare-tipped darts
 Q - 7 silver javelins
 S - 3 atropa-tipped darts
Armour
 a - the +7 kite shield of Jutt (worn) {Will+ Int+3}
   (Okawaru gifted it to you on level 2 of the Lair of Beasts)

   Int+3:     It affects your intelligence (+3).
   Will+:     It increases your willpower.
 b - a +0 pair of boots (worn)
 f - a +1 plate armour (worn)
 K - a scarf of repulsion (worn)
 L - a +2 pair of gloves (worn)
Jewellery
 o - a ring of resist corrosion (left hand)
 N - a +6 ring of intelligence
 P - a ring of protection from fire
Wands
 g - a wand of mindburst (9)
 y - a wand of iceblast (15)
 E - a wand of digging (9)
 G - a wand of quicksilver (7)
 R - a wand of flame (9)
Scrolls
 k - 9 scrolls of teleportation
 p - a scroll of poison {unknown}
 q - a scroll of identify
 r - 3 scrolls of revelation
 t - 6 scrolls of fog
 u - 2 scrolls of noise
 w - 5 scrolls of immolation
 x - a scroll of fear
 T - 2 scrolls of silence
Potions
 c - 2 potions of curing
 h - 5 potions of attraction
 i - 4 potions of enlightenment
 l - 2 potions of resistance
 m - a potion of ambrosia {unknown}
 n - a potion of haste
 s - a potion of brilliance {unknown}
 z - 4 potions of lignification
 A - a potion of magic {unknown}
 B - a potion of degeneration {unknown}
 C - 2 potions of might
 D - 4 potions of mutation {unknown}
 M - a potion of heal wounds {unknown}
 O - a potion of invisibility {unknown}
 U - a potion of berserk rage {unknown}
Miscellaneous
 d - a phantom mirror


   Skills:
 + Level 13.8 Fighting
 + Level 14.2 Axes
 + Level 13.8 Armour
 + Level 13.8 Shields
 + Level 10.1 Invocations


You had 12 spell levels left.
You didn't know any spells.
Your spell library contained the following spells:

 Spells                   Type           Power      Damage    Failure   Level
 Magic Dart               Conj           0%         1d3       99%         1
 Blink                    Tloc           0%         N/A       100%        2
 Dazzling Flash           Conj/Hex       0%         N/A       100%        3
 Volatile Blastmotes      Fire/Tloc      0%         2d10      100%        3
 Fulminant Prism          Conj/Alch      0%         3d5       100%        4
 Iskenderun's Mystic Bla  Conj/Tloc      0%         2d3       100%        4
 Passage of Golubria      Tloc           0%         N/A       100%        4
 Silence                  Hex/Air        0%         N/A       100%        5
 Eringya's Noxious Bog    Alch           0%         4d6       100%        6
 Starburst                Conj/Fire      0%         6d3       100%        6
 Lehudib's Crystal Spear  Conj/Erth      0%         10d2      100%        8
 Maxwell's Capacitive Co  Air            0%         ∞         100%        8
 Call Imp                 Summ           Unusable   N/A       N/A         2
 Summon Forest            Summ/Tloc      Unusable   N/A       N/A         5
 Summon Hydra             Summ           Unusable   N/A       N/A         7

Dungeon Overview and Level Annotations

Branches:
Dungeon (10/15)            Temple (1/1) D:6            Lair (5/5) D:9
  Swamp (0/4) Lair:2       Spider (0/4) Lair:2        Slime (0/5) Lair:4
    Orc: D:9-12

Altars:
Ashenzari
Cheibriados
Dithmenos
Elyvilon
Fedhas
Gozag
Hepliaklqana
Kikubaaqudgha
Makhleb
Nemelex Xobeh
Okawaru
Qazlal
Ru
Sif Muna
Trog
Uskayaw
Vehumet
Wu Jian
Xom
Yredelemnul
Zin
The Shining One
Jiyva

Shops:
D:3 :   D:9 [

Portals:
Abyss: D:3

Annotations:
Lair:4 1 runed translucent door, Rupert


Innate Abilities, Weirdness & Mutations

You have a pair of horns on your head.
You reflexively headbutt those who attack you in melee.


Message History

You furiously retaliate!
You headbutt the elephant. The elephant trunk-slaps you.
You block Rupert's attack.
You slice the elephant!! You headbutt the elephant.
The elephant is almost dead.
You slash Rupert!
Rupert looks as sick as possible!
You feel sick. The elephant tramples you!
You stumble backwards!
You hit the elephant but do no damage.
The elephant looks as sick as possible!
The elephant is almost dead.
You feel sick.
You closely miss Rupert.
Rupert is lightly wounded.
You feel sick.
Unknown command.
You slash Rupert!
Rupert looks as sick as possible!
Rupert is moderately wounded.
You slash the elephant!
You kill the elephant!
Okawaru accepts your kill. Okawaru grants you throwing weapons!
Something appears at your feet!
You feel sick. Rupert hits you but does no damage.
You are more poisoned.
You closely miss Rupert.
Rupert is moderately wounded.
You feel very sick. Rupert roars wildly at you.
You suddenly lose the ability to move!
You feel sick. Rupert yells loudly at you.
You easily resist.
You feel sick.
Rupert roars madly and goes into a rage!
Rupert goes berserk!
You feel sick.
Rupert hits you with a +1 great mace of venom!!
You are more poisoned.
Rupert hits you with a +1 great mace of venom!!!
* * * LOW HITPOINT WARNING * * *
You are more poisoned.
You die...

###..## #.....###
# ####....#
#######
#....####.##.#.
##........#....
###.............
##...†...........
##..†>†.###.P#....
#@@.†#.#.######P##
##....#### ####
#.#P## # #.###
##.# ###


You could see Rupert (berserk, extremely poisoned).

Vanquished Creatures
  Harold (Lair:2)
  2 hydras
  A catoblepas (Lair:4)
  3 two-headed ogres
  Erica (D:10)
  An anaconda (Lair:2)
  A boulder beetle (Lair:4)
  9 death yaks
  A skyshark (Lair:3)
  An oklob plant (Lair:2)
  Joseph (D:9)
  8 black mambas
  13 elephants
  13 cane toads
  Jeremiah (D:8)
  Maggie (Lair:2)
  An unseen horror (D:10)
  6 rime drakes
  6 komodo dragons
  3 polar bears
  8 blink frogs
  Sigmund (D:2)
  25 yaks
  5 basilisks
  4 wyverns
  A wraith (D:10)
  3 steam dragons
  3 redbacks (Lair:2)
  A vampire mosquito (D:10)
  An acid dragon (D:8)
  22 water moccasins
  An ice beast (D:8)
  2 orc warriors
  2 black bears
  An ogre (D:6)
  15 wolves
  2 centaurs
  A phantom (D:6)
  The ghost of Syis the Magician, an amateur DEEE (D:4)
  2 kobold brigands
  2 gnoll sergeants (D:10)
  5 scorpions
  20 bullfrogs
  5 wights
  The ghost of demianpwz the Shield-Bearer, a weakling TrFi (D:3)
  2 electric eels (Lair:2)
  5 howler monkeys
  2 jellies
  A quasit (D:3)
  9 orc priests
  2 hounds
  3 bombardier beetles
  3 gnoll boudas
  Crazy Yiuf (D:2)
  2 sleepcaps
  Jessica (D:2)
  5 iguanas
  7 hell rats (Lair:3)
  17 orc wizards
  10 adders
  14 gnolls
  A shadow imp (D:6)
  2 ufetubi
  4 dart slugs
  52 orcs
  10 ball pythons
  2 bats
  9 endoplasms
  3 giant cockroaches
  9 goblins
  7 hobgoblins
  12 jackals
  6 quokkas
  3 frilled lizards
  13 kobolds
  5 rats
430 creatures vanquished.

Vanquished Creatures (others)
  An orc wizard (D:8)
1 creature vanquished.

Grand Total: 431 creatures vanquished

Notes
Turn   | Place    | Note
-------+----------+-------------------------------------------
     0 | D:1      | mihai the Minotaur Fighter began the quest for the Orb.
     0 | D:1      | Reached XP level 1. HP: 19/19 MP: 0/0
   234 | D:1      | Reached XP level 2. HP: 24/27 MP: 1/1
   788 | D:2      | Reached skill level 3 in Axes
   788 | D:2      | Reached XP level 3. HP: 28/33 MP: 2/2
   849 | D:2      | Noticed Jessica
   858 | D:2      | Killed Jessica
   984 | D:1      | Reached XP level 4. HP: 40/40 MP: 3/3
  1107 | D:2      | Noticed Sigmund
  1117 | D:2      | HP: 2/40 [something (9)]
  1120 | D:2      | Killed Sigmund
  1121 | D:2      | Reached skill level 5 in Fighting
  1121 | D:2      | Reached skill level 4 in Axes
  1121 | D:2      | Reached skill level 5 in Armour
  1121 | D:2      | Reached skill level 5 in Shields
  1121 | D:2      | Reached XP level 5. HP: 3/48 MP: 4/4
  1633 | D:2      | Reached XP level 6. HP: 49/56 MP: 5/5
  2004 | D:2      | Found a runed translucent door.
  2005 | D:2      | Noticed Crazy Yiuf
  2012 | D:2      | Killed Crazy Yiuf
  2236 | D:3      | Found a transporter.
  2470 | D:3      | Found Sulesedd's Book Emporium.
  2491 | D:3      | Found a one-way gate to the infinite horrors of the Abyss.
  2981 | D:3      | Found a transporter.
  3006 | D:3      | Noticed demianpwz's ghost (weakling TrFi)
  3127 | D:3      | Killed demianpwz's ghost
  3128 | D:3      | Reached skill level 5 in Axes
  3128 | D:3      | Reached XP level 7. HP: 62/62 MP: 6/6
  3898 | D:4      | Found a runed translucent door.
  3898 | D:4      | Noticed Syis's ghost (amateur DEEE)
  3972 | D:4      | Found a bloodstained altar of Trog.
  4398 | D:4      | Killed Syis's ghost
  4577 | D:5      | Entered Level 5 of the Dungeon
  4707 | D:5      | Found a snail-covered altar of Cheibriados.
  4771 | D:5      | Found a radiant altar of Vehumet.
  4972 | D:5      | Reached skill level 6 in Axes
  4974 | D:5      | Reached XP level 8. HP: 71/71 MP: 7/7
  5154 | D:5      | Found a broken altar of Ashenzari.
  5746 | D:6      | Found a staircase to the Ecumenical Temple.
  5778 | Temple   | Entered the Ecumenical Temple
  5863 | Temple   | Became a worshipper of Warmaster Okawaru
  6072 | D:6      | Reached skill level 1 in Invocations
  6197 | D:6      | Reached skill level 7 in Axes
  6269 | D:6      | Reached * piety under Okawaru
  7013 | D:7      | Reached XP level 9. HP: 72/75 MP: 9/9
  7343 | D:7      | Found a sparkling altar of Nemelex Xobeh.
  8317 | D:8      | Reached ** piety under Okawaru
  8318 | D:8      | Reached skill level 8 in Axes
  9036 | D:8      | Noticed Jeremiah
  9079 | D:8      | Reached XP level 10. HP: 77/91 MP: 12/12
  9410 | D:8      | Killed Jeremiah
  9410 | D:8      | Reached *** piety under Okawaru
  9999 | D:9      | Noticed a two-headed ogre
 10012 | D:9      | Killed a two-headed ogre
 10013 | D:9      | Reached skill level 9 in Axes
 10258 | D:9      | Noticed Joseph
 10278 | D:9      | Killed Joseph
 10278 | D:9      | Reached **** piety under Okawaru
 10600 | D:9      | Reached skill level 5 in Invocations
 10680 | D:9      | Found a staircase to the Lair.
 11108 | D:9      | Found Umnef's Antique Armour Shop.
 11496 | D:10     | Entered Level 10 of the Dungeon
 11585 | D:10     | Noticed Erica
 11595 | D:10     | Killed Erica
 12014 | D:10     | Noticed a two-headed ogre
 12028 | D:10     | Killed a two-headed ogre
 12029 | D:10     | Reached skill level 10 in Fighting
 12029 | D:10     | Reached skill level 10 in Armour
 12029 | D:10     | Reached skill level 10 in Shields
 12605 | D:10     | Noticed a two-headed ogre
 12620 | D:10     | Reached ***** piety under Okawaru
 12625 | D:10     | Killed a two-headed ogre
 12626 | D:10     | Reached XP level 11. HP: 42/100 MP: 14/14
 12720 | D:10     | Reached skill level 10 in Axes
 12948 | D:10     | Received a gift from Okawaru
 13325 | Lair:1   | Entered Level 1 of the Lair of Beasts
 14903 | Lair:1   | You fall into a shaft and drop 1 floor!
 14909 | Lair:2   | Noticed an anaconda
 14972 | Lair:2   | Reached skill level 11 in Axes
 15018 | Lair:2   | Reached ****** piety under Okawaru
 15212 | Lair:2   | Received a gift from Okawaru
 15488 | Lair:2   | Reached XP level 12. HP: 58/110 MP: 16/16
 16024 | Lair:1   | Received a gift from Okawaru
 16915 | Lair:2   | Noticed Harold
 16945 | Lair:2   | Killed Harold
 17080 | Lair:2   | Found a hole to the Spider Nest.
 17548 | Lair:2   | Noticed a five-headed hydra
 17694 | Lair:2   | Noticed Maggie
 17708 | Lair:2   | Killed Maggie
 17726 | Lair:2   | Found a staircase to the Swamp.
 17762 | Lair:2   | Killed a five-headed hydra
 17966 | Lair:2   | Noticed a five-headed hydra
 17966 | Lair:2   | Noticed a death yak
 17967 | Lair:2   | Noticed a death yak
 18286 | Lair:2   | Reached skill level 12 in Axes
 18298 | Lair:2   | Received a gift from Okawaru
 18638 | Lair:2   | Noticed a death yak
 18684 | Lair:1   | Killed a death yak
 19188 | Lair:2   | Acquired a +2 broad axe of venom
 19188 | Lair:2   | Received a gift from Okawaru
 19191 | Lair:2   | Acquired the +7 kite shield of Jutt {Will+ Int+3}
 19191 | Lair:2   | Received a gift from Okawaru
 19212 | Lair:2   | Identified a scroll of acquirement
 19212 | Lair:2   | Acquired a manual of Stealth
 19426 | Lair:2   | Killed an anaconda
 19820 | Lair:1   | Killed a five-headed hydra
 20156 | Lair:2   | Received a gift from Okawaru
 20260 | Lair:2   | Killed a death yak
 20261 | Lair:2   | Reached XP level 13. HP: 90/119 MP: 18/18
 21838 | Lair:4   | Received a gift from Okawaru
 22079 | Lair:3   | Acquired a manual of Axes
 22110 | Lair:4   | Reached skill level 13 in Axes
 22484 | Lair:3   | Received a gift from Okawaru
 23203 | Lair:4   | Reached skill level 10 in Invocations
 23316 | Lair:4   | Found a runed translucent door.
 23316 | Lair:4   | Found a viscous altar of Jiyva.
 23316 | Lair:4   | Noticed an acid blob
 23317 | Lair:4   | Found a staircase to the Slime Pits.
 23317 | Lair:4   | Noticed an acid blob
 23652 | Lair:5   | Entered Level 5 of the Lair of Beasts
 23666 | Lair:4   | Reached skill level 14 in Axes
 23712 | Lair:5   | Noticed Rupert
 23820 | Lair:4   | Received a gift from Okawaru
 23821 | Lair:4   | Paralysed by Rupert for 4 turns
 23824 | Lair:4   | HP: 4/123 [Rupert/+1 great mace of venom (41)]
 23825 | Lair:4   | Succumbed to Rupert's poison

Illustrated notes

Levels and vault maps discovered:
D:1:      minmay_arrival_four_loops, layout_loops_ring
D:2:      wad_river_or_something, layout_rooms, uniq_crazy_yiuf_cottage,
          uniq_jessica, uniq_sigmund
D:3:      layout_basic, serial_shops, nicolae_shop_getting_attention,
          gammafunk_ghost_abyssal_escape
D:4:      layout_cave_pods, trog_hazing_becter, ebering_ghost_inner_flame,
          hangedman_decor_growths
D:5:      nicolae_BIG_FREAKIN_CUBE, layout_gridville, kennysheep_slug_shrine,
          amcnicky_altar_gilded, mainiacjoe_overflow_six_doors_small
D:6:      layout_cave_pools, minmay_temple_entry_statues, minmay_starry_boxes
D:7:      layout_basic, mainiacjoe_overflow_brackets, serial_curves,
          eino_curves_04, eino_curves_02, palyth_stone_intersect
D:8:      layout_loops_ring, serial_bayou_pond_b, uniq_jeremiah
D:9:      wander_river, layout_irregular_city, erik_lair_orcish_takeover,
          serial_column_ruins, column_ruins_hut, column_ruins_open_small,
          column_ruins_open_small, column_ruins_grid_2,
          column_ruins_corridor_corner, column_ruins_grid_4,
          column_ruins_columns_corner, serial_shops, shop_statue, uniq_joseph
D:10:     minmay_octagon_keep, layout_basic, serial_curves, eino_curves_04,
          eino_curves_03, eino_curves_02, eino_curves_03, uniq_erica
Temple:   minmay_crystal_spiral_temple
Lair:1:   layout_loops_ring, guppyfry_lair_drakes, infiniplex_staircase_pool_2
Lair:2:   nzn_winding_woodlands_large [nzn_winding_woodlands_hourglass,
          nzn_winding_woodlands_5x15_crooked,
          nzn_winding_woodlands_5x5_closed_star,
          nzn_winding_woodlands_center_diamonds,
          nzn_winding_woodlands_15x15_killbox,
          nzn_winding_woodlands_center_triple_pond,
          nzn_winding_woodlands_5x5_open_star, nzn_winding_woodlands_5x15_eye,
          nzn_winding_woodlands_5x5_perimeter], layout_regular_city,
          minmay_swamp_entry_reptiles, spider_nest_entry_webs,
          nicolae_quartered_pool_super, hellmonk_talismancer, uniq_harold,
          uniq_maggie
Lair:3:   layout_regular_city, chequers_serial_rivers_marsh, lemuel_fruit_tree
Lair:4:   layout_layer_cave, slime_entry_2, grunt_megastairs_5
Lair:5:   cheibrodos_lair_end_hotspot, layout_cave_shapes, uniq_rupert

Skill      XL: |  1  2  3  4  5  6  7  8  9 10 11 12 13 |
---------------+----------------------------------------+-----
Shields        | 4 5 6 7 9 10 11 12 13 | 13.8
Armour         | 4 5 6 7 9 10 11 12 13 | 13.8
Fighting       | 4 5 6 7 9 10 11 12 13 | 13.8
Axes           | 3 4 5 6 7 8 9 11 12 14 | 14.2
Invocations    | 2 4 5 7 8 10 | 10.1

Action                     |  1- 3 |  4- 6 |  7- 9 | 10-12 | 13-15 || total
---------------------------+-------+-------+-------+-------+-------++-------
  Melee: War axe           |    58 |    86 |   471 |   701 |       ||  1316
         Headbutt          |     4 |    14 |    71 |   172 |    81 ||   342
         Broad axe         |       |       |       |    60 |   313 ||   373
         Trident           |       |       |       |    13 |       ||    13
  Throw: Dart              |       |     7 |       |    14 |       ||    21
 Invoke: Receive Weapon    |       |       |       |     1 |       ||     1
         Receive Armour    |       |       |       |     1 |       ||     1
  Evoke: Wand              |       |       |       |     5 |       ||     5
    Use: Potion            |       |     1 |     1 |     8 |       ||    10
         Scroll            |       |     3 |     7 |    13 |     2 ||    25
 Armour: Plate armour      |    55 |   116 |   471 |   778 |   198 ||  1618
         Scale mail        |     2 |       |       |       |       ||     2
  Dodge: Dodged            |    17 |    32 |   145 |   217 |    69 ||   480
         Repelled          |       |       |       |     2 |     1 ||     3
  Block: Buckler           |    16 |    30 |   103 |   194 |       ||   343
         Kite shield       |       |       |       |    90 |   341 ||   431
